 Dungeon Crawl Stone Soup version 0.28-a0-1087-gf3fc490d9d (webtiles) character file.

Game seed: 13491344888561164860

151 karrick the Cudgeller (level 5, -5/33 HPs)
             Began as a Gargoyle Fighter on Dec 11, 2021.
             Slain by an orc warrior (19 damage)
             ... on level 4 of the Dungeon.
             The game lasted 00:03:34 (2001 turns).

karrick the Cudgeller (Gargoyle Fighter)            Turns: 2001, Time: 00:03:34

Health: -5/33      AC: 11    Str: 20    XL:     5   Next: 33%
Magic:  5/5        EV:  9    Int:  8    God:
Gold:   131        SH:  4    Dex: 11    Spells: 4/4 levels left

rFire   . . .      SeeInvis .   a - +0 flail
rCold   . . .      Faith    .   c - +0 buckler
rNeg    + . .      Spirit   .   b - +0 scale mail
rPois   ∞          Reflect  .   (no helmet)
rElec   +          Harm     .   (no cloak)
rCorr   .          Rampage  .   (no gloves)
Will    .....                   (no boots)
Stlth   ..........              (no amulet)
HPRegen 0.11/turn               (no ring)
MPRegen 0.09/turn               (no ring)

@: no status effects
A: sickness immunity, AC +4, negative energy resistance 1, electricity
resistance, torment resistance 1, petrification resistance
a: no special abilities


You were on level 4 of the Dungeon.
You visited 1 branch of the dungeon, and saw 4 of its levels.

You collected 131 gold pieces.

Inventory:

Hand Weapons
 a - a +0 flail (weapon)
Armour
 b - a +0 scale mail (worn)
 c - a +0 buckler (worn)
Jewellery
 n - an amulet of magic regeneration
Scrolls
 f - a scroll of fear {unknown}
 g - a scroll of vulnerability {unknown}
 h - a scroll of immolation {unknown}
 i - a scroll of identify {unknown}
 j - a scroll of enchant armour {unknown}
 k - 2 scrolls of amnesia {unknown}
 l - a scroll of summoning {unknown}
 m - a scroll of teleportation {unknown}
 o - a scroll of noise {unknown}
Potions
 d - a potion of might
 e - a potion of mutation {unknown}
 p - a potion of resistance {unknown}
 q - a potion of heal wounds {unknown}
 r - a potion of haste {unknown}


   Skills:
 + Level 4.0 Fighting
 + Level 4.3 Maces & Flails
 + Level 3.7 Armour
 + Level 0.2 Dodging
 + Level 3.6 Shields


You had 4 spell levels left.
You didn't know any spells.
Your spell library contained the following spells:

 Spells                   Type           Power      Damage    Failure   Level
 Shock                    Conj/Air       0%         1d3       77%         1
 Sting                    Tmut/Pois      0%         1d3       77%         1
 Poisonous Vapours        Pois/Air       0%         N/A       88%         2
 Swiftness                Air            0%         N/A       98%         3
 Airstrike                Air            0%         N/A       100%        4
 Olgreb's Toxic Radiance  Pois           0%         N/A       100%        4
 Summon Lightning Spire   Summ/Air       0%         N/A       100%        4
 Storm Form               Tmut/Air       0%         N/A       100%        7
 Maxwell's Capacitive Co  Air            0%         ∞         100%        8


Dungeon Overview and Level Annotations

Branches:
Dungeon (4/15)
 Temple: D:4-7

Altars:
Elyvilon

Shops:
D:4 !


Innate Abilities, Weirdness & Mutations

You are immune to sickness and miasma.
Your stone body is resilient. (AC +4)
You are immune to poison.
You resist negative energy. (rN+)
You are resistant to electric shocks. (rElec)
You are resistant to unholy torment.
You are immune to petrification.


Message History

You closely miss the iguana.
A kobold comes into view. It is wielding a +1 dagger of speed.
An orc comes into view. It is wielding a +0 hand axe.
The iguana bites you.
The kobold shouts!
The orc shouts!
You sock the iguana!
The iguana is heavily wounded.
The iguana barely misses you.
The kobold throws a stone.
The stone barely misses you.
You barely miss the iguana.
The iguana is heavily wounded.
You block the iguana's attack.
An orc wizard comes into view. It is wielding a +0 dagger.
The orc hits you but does no damage.
You barely miss the iguana.
The iguana is heavily wounded.
The orc wizard shouts!
The iguana bites you but does no damage.
The orc barely misses you. The iguana bites you.
You barely miss the iguana.
The iguana is heavily wounded.
You block the orc's attack. The iguana bites you.
You hit the iguana but do no damage.
The iguana is heavily wounded.
The orc hits you but does no damage.
The iguana bites you but does no damage.
The orc hits you but does no damage.
You hit the iguana but do no damage.
The iguana is heavily wounded.
You block the orc warrior's attack. The iguana bites you.
You block the orc's attack.
You are too injured to fight recklessly!
You are too injured to fight recklessly!
You are too injured to fight recklessly!
You are too injured to fight recklessly!
You are too injured to fight recklessly!
Unknown command.
The orc warrior hits you from afar with a +0 halberd!!
Ouch! That really hurt!
You die...

...$.###........ ...............
.............. .o....!.....#
#..###.#.....#......####
...........##...#........
...........#..#.#....#...
........(....ooo..........
............o.8.@.∩.8.....
#...........Kl.....###...
#............##.#### ..
#..........## #...## #
#..........######(.#
##...............#.# ##########
##................#.####........#
#...............................#
...)..............#..###........#


You could see an orc warrior, an iguana, an orc wizard, 2 orcs and a kobold.

Vanquished Creatures
  A water moccasin skeleton (D:3)
  Jessica (D:3)
  3 adders
  A worm (D:3)
  2 dart slugs (D:2)
  4 endoplasms
  2 giant cockroaches (D:1)
  6 goblins
  5 hobgoblins
  3 kobolds
  3 quokkas (D:1)
  2 ball pythons (D:3)
  3 bats
  4 frilled lizards (D:1)
  6 rats
46 creatures vanquished.

Notes
Turn   | Place    | Note
-------+----------+-------------------------------------------
     0 | D:1      | karrick the Gargoyle Fighter began the quest for the Orb.
     0 | D:1      | Reached XP level 1. HP: 14/14 MP: 1/1
   282 | D:1      | Reached XP level 2. HP: 19/19 MP: 2/2
   860 | D:2      | Reached XP level 3. HP: 24/24 MP: 3/3
   905 | D:2      | Found a white marble altar of Elyvilon.
  1152 | D:2      | Found a faded altar of an unknown god.
  1530 | D:3      | Reached XP level 4. HP: 29/29 MP: 4/4
  1547 | D:3      | Noticed Jessica
  1555 | D:3      | Killed Jessica
  1567 | D:3      | Reached XP level 5. HP: 30/33 MP: 5/5
  1843 | D:3      | Noticed a phantom
  1974 | D:4      | Found Uzostrot's Distillery.
  1993 | D:4      | Noticed an orc warrior
  2001 | D:4      | Slain by an orc warrior

Illustrated notes

Levels and vault maps discovered:
D:1:      heliophobic_arrival_glass_houses, layout_basic
D:2:      layout_loops_cross, basic_altar, shapermc_ecumenical_altar_petra
D:3:      layout_basic, uniq_jessica
D:4:      layout_rooms, gammafunk_temple_overflow_wave, serial_shops,
          shop_statue, uniq_duvessa

Skill      XL: |  1  2  3  4 |
---------------+-------------+-----
Maces & Flails | 3 4 |  4.3
Fighting       | 4 |  4.0
Armour         | |  3.7
Dodging        | |  0.2
Shields        | |  3.6

Action                   |  1- 3 |  4- 6 || total
-------------------------+-------+-------++-------
Melee: Flail             |    93 |    45 ||   138
Armor: Scale mail        |    42 |    20 ||    62
Dodge: Dodged            |    42 |    19 ||    61
Block: Buckler           |    21 |    11 ||    32

Table legend: (Time is in decaauts)
 A = Elapsed time spent in this place.
 B = Non-inter-level travel time spent in this place.
 C = Inter-level travel time spent in this place.
 D = Time resting spent in this place.
 E = Time spent auto-exploring this place.
 F = Levels seen in this place.
 G = Mean time per level.
                   A        B        C        D        E       F      G
               +--------+--------+--------+--------+--------+-----+--------+
         Total |   2037 |   1918 |    119 |      0 |   1563 |   4 |  509.2 |
       Dungeon |   2037 |   1918 |    119 |      0 |   1563 |   4 |  509.2 |
               +--------+--------+--------+--------+--------+-----+--------+

Top non-repeatable levels by time:
     D:1: 850 daAuts
     D:2: 722 daAuts
     D:3: 357 daAuts
     D:4: 108 daAuts
